 Dungeon Crawl Stone Soup version 0.31-a0-703-gcfe89afef6 (webtiles) character file.

Game seed: 18416809379471187436

63 qw the Shooter (level 4, -1/28 HPs)
             Began as a Gargoyle Hunter on Sept 8, 2023.
             Slain by an iguana (10 damage)
             ... on level 3 of the Dungeon.
             The game lasted 00:00:34 (1402 turns).

qw the Shooter (Gargoyle Hunter)                    Turns: 1402, Time: 00:00:35

Health: -1/28      AC:  9    Str: 15    XL:     4   Next: 9%
Magic:  4/4        EV: 11    Int:  9    God:
Gold:   94         SH:  0    Dex: 15    Spells: 3/3 levels left

rFire   . . .        Y - +0 shortbow
rCold   . . .        (shield currently unavailable)
rNeg    + . .        m - +0 ring mail
rPois   inf          (no helmet)
rElec   +            (no cloak)
rCorr   .            j - +0 pair of gloves
SInv    .            (no boots)
Will    .....        (no amulet)
Stlth   +            (no ring)
HPRegen 0.24/turn    (no ring)
MPRegen 0.09/turn

%: no passive effects
@: no status effects
A: sickness immunity, AC +3, negative energy resistance 1, electricity
resistance, torment resistance 1, petrification resistance
a: no special abilities


You were on level 3 of the Dungeon.
You visited 1 branch of the dungeon, and saw 3 of its levels.

You collected 94 gold pieces.


Innate Abilities, Weirdness & Mutations

You are immune to sickness and miasma.
Your stone body is resilient. (AC +3)
You are immune to poison.
You resist negative energy. (rN+)
You are resistant to electric shocks. (rElec)
You are resistant to unholy torment.
You are immune to petrification.


   Skills:
 - Level 3.0 Fighting
 - Level 5.0 Ranged Weapons
 + Level 0.9 Armour
 - Level 1.5 Dodging
 - Level 1.1 Stealth


You had 3 spell levels left.
You didn't know any spells.
Your spell library was empty.

Inventory:

Hand Weapons
 Y - a +0 shortbow (weapon)
Armour
 j - a +0 pair of gloves (worn)
 m - a +0 ring mail (worn)
Potions
 d - 2 potions of curing
 f - a potion of invisibility {unknown}
 g - a potion of lignification {unknown}
 h - a potion of might
 i - a potion of heal wounds {unknown}
 l - a potion of haste {unknown}
 n - a potion of berserk rage {unknown}

Dungeon Overview and Level Annotations

Branches:
Dungeon (3/15)

Altars:

Shops:
D:1 =


Message History

The arrow hits the orc but does no damage.
The orc is lightly wounded.
The orc barely misses you.
You shoot an arrow. The arrow barely misses the orc.
The orc misses you.
An iguana comes into view.
The orc barely misses you.
You shoot an arrow. The iguana hisses angrily.
The arrow hits the orc.
The orc is heavily wounded.
The orc closely misses you.
You shoot an arrow.
The arrow hits the orc but does no damage.
The orc is heavily wounded.
The orc hits you but does no damage.
You shoot an arrow.
The arrow hits the orc but does no damage.
The orc is heavily wounded.
The orc barely misses you.
You shoot an arrow.
The arrow hits the orc but does no damage.
The orc is moderately wounded.
The orc barely misses you. The orc hits you with a +0 whip.
You shoot an arrow. The arrow barely misses the orc.
The orc hits you with a +0 whip. The iguana bites you.
You shoot an arrow. The arrow hits the orc.
The orc is heavily wounded.
The orc hits you but does no damage. The iguana barely misses you.
You shoot an arrow.
The arrow hits the orc but does no damage.
The orc is heavily wounded.
The orc barely misses you. The iguana bites you!
You shoot an arrow. The arrow barely misses the orc.
The orc closely misses you. The iguana bites you.
You shoot an arrow.
The arrow hits the orc but does no damage.
The orc is heavily wounded.
The orc closely misses you. The iguana bites you!
You die...

#... ### .#
....#.. ...#
...#.# ...##
..#.# #.....
...##.....#
.......... ###
#$........
#...##@....#..##
.)....lo..#.#....
.................
.##.##.##.##.#...
.. #. #....+ ..
#.##..#.# .
#.....# ..
####..# ... #..#
..


You could see an iguana and an orc.

Vanquished Creatures
  An adder (D:2)
  2 dart slugs
  3 orcs
  6 ball pythons
  3 bats (D:1)
  3 endoplasms (D:2)
  4 goblins
  5 hobgoblins
  4 jackals (D:2)
  A quokka (D:3)
  2 frilled lizards
  5 kobolds
  4 rats
43 creatures vanquished.

Notes
Turn   | Place    | Note
-------+----------+-------------------------------------------
     0 | D:1      | qw the Gargoyle Hunter began the quest for the Orb.
     0 | D:1      | Reached XP level 1. HP: 12/12 MP: 1/1
     0 | D:1      | 0 ||| qw: Version: 0.3-a-76-g4403597
     0 | D:1      | 0 ||| qw: Game counter: 1287
     0 | D:1      | 0 ||| qw: Melee chars always use a shield: true
     0 | D:1      | 0 ||| qw: God list: Okawaru
     0 | D:1      | 0 ||| qw: Allow faded altars: false
     0 | D:1      | 0 ||| qw: Do Orc after clearing Dungeon:15 true
     0 | D:1      | 0 ||| qw: Do second Lair branch before Depths: true
     0 | D:1      | 0 ||| qw: Lair rune preference: random
     0 | D:1      | 0 ||| qw: Goals: Normal
     0 | D:1      | 0 ||| PLANNING D:1-11
    50 | D:1      | HP: 2/12 [kobold/+0 whip (4)]
   110 | D:1      | Reached XP level 2. HP: 17/17 MP: 2/2
   186 | D:1      | Found Roqeon's Jewellery Emporium.
   189 | D:1      | 189 ||| SHOPLISTING +5 ring of evasion (432 gold, have 48).
   189 | D:1      | 189 ||| SHOPLISTING amulet of the acrobat (360 gold, have
                  | 48).
   189 | D:1      | 189 ||| SHOPLISTING ring of ice (300 gold, have 48).
   665 | D:1      | 665 ||| UPGRADING to +0 pair of gloves.
   670 | D:1      | 670 ||| READING scroll labelled KIURIW BUINAOH.
   671 | D:1      | 671 ||| READING scroll labelled HAUKHL OROUN.
   772 | D:1      | 772 ||| DRINKING 2 emerald potions.
   773 | D:1      | 773 ||| DROPPING scroll of butterflies.
   789 | D:2      | 789 ||| STAIRDANCE
   859 | D:2      | Reached XP level 3. HP: 21/21 MP: 3/3
   889 | D:2      | Reached skill level 5 in Ranged Weapons
  1082 | D:2      | Reached skill level 3 in Fighting
  1327 | D:2      | 1327 ||| UPGRADING to +0 ring mail.
  1337 | D:2      | 1337 ||| DROPPING +0 leather armour.
  1338 | D:2      | 1338 ||| READING scroll labelled JUIM ZAMYUSOPI.
  1339 | D:2      | 1339 ||| READING 2 scrolls labelled OTWEOB QAECHATHI.
  1340 | D:2      | 1340 ||| READING scroll labelled TIANIR BESTRULORR.
  1343 | D:2      | 1343 ||| READING scroll labelled NUADDO DADWI.
  1344 | D:2      | 1344 ||| DRINKING 4 brown potions.
  1345 | D:2      | 1345 ||| DRINKING 2 fizzy brown potions.
  1346 | D:2      | 1346 ||| DRINKING 3 potions of curing.
  1346 | D:2      | 1346 ||| (to cure confusion)
  1347 | D:2      | 1347 ||| DROPPING scroll of poison.
  1348 | D:2      | 1348 ||| DROPPING potion of ambrosia.
  1369 | D:3      | Reached XP level 4. HP: 28/28 MP: 4/4
  1402 | D:3      | Slain by an iguana

Levels and vault maps discovered:
D:1:      noname_arrival_rooms_in_the_neighbourhood, layout_basic,
          serial_forest, infiniplex_forest_straight_1,
          infiniplex_forest_straight_4, infiniplex_forest_lined_room_2,
          infiniplex_forest_clump_curved, infiniplex_forest_lined_corner,
          infiniplex_forest_end_3, infiniplex_forest_clump_double, serial_shops,
          nicolae_shop_tiny_real_fake_doors
D:2:      layout_basic, corexii_shack
D:3:      layout_basic, nemelex_xobeh_ov_fountains_minmay,
          mainiacjoe_overflow_paths, hellmonk_ecumenical_altar_crossroads

Skill      XL: |  1  2  3 |
---------------+----------+-----
Ranged Weapons | 5 |  5.0
Fighting       | 3 |  3.0
Armour         | |  0.9
Dodging        | |  1.5
Stealth        | |  1.1

Action                     |  1- 3 |  4- 6 || total
---------------------------+-------+-------++-------
   Fire: Shortbow          |   103 |    23 ||   126
    Use: Scroll            |     6 |       ||     6
         Potion            |     4 |       ||     4
 Armour: Leather armour    |    20 |       ||    20
         Ring mail         |       |     9 ||     9
  Dodge: Dodged            |    18 |    15 ||    33

Table legend:
 A = Non-vault XP
 B = Vault XP
 C = Vault XP percentage of total XP
 D = Non-vault monster count
 E = Vault monster count
 F = Vault count percentage of total count
                 A         B        C        D         E       F
            +---------+---------+-------+---------+---------+-------
      Total |      87 |       3 |   3.3 |      42 |       1 |   2.3
            +---------+---------+-------+---------+---------+-------
        D:1 |      29 |       0 |   0.0 |      20 |       0 |   0.0
        D:2 |      46 |       3 |   6.1 |      18 |       1 |   5.3
        D:3 |      12 |       0 |   0.0 |       4 |       0 |   0.0
            +---------+---------+-------+---------+---------+-------
